 Dungeon Crawl Stone Soup version 0.28.0 (webtiles) character file.

Game seed: 5529558382893020575

9 danielguo94 the Skirmisher (level 2, 0/28 HPs)
             Began as a Gargoyle Berserker on Feb 8, 2022.
             Was a Follower of Trog.
             Slain by a kobold (3 damage)
             ... on level 1 of the Dungeon.
             The game lasted 00:00:14 (134 turns).

danielguo94 the Skirmisher (Gargoyle Berserker)      Turns: 134, Time: 00:00:15

Health: 0/28       AC:  5    Str: 20    XL:     2   Next: 12%
Magic:  2/2        EV: 11    Int:  7    God:    Trog [*.....]
Gold:   0          SH:  0    Dex:  9    Spells: 1/1 levels left

rFire   . . .      SeeInvis .   a - +0 mace
rCold   . . .      Faith    .   (no shield)
rNeg    + . .      Spirit   .   b - +0 animal skin
rPois   ∞          Reflect  .   (no helmet)
rElec   +          Harm     .   (no cloak)
rCorr   .          Rampage  .   (no gloves)
Will    .....                   (no boots)
Stlth   ..........              (no amulet)
HPRegen 0.09/turn               (no ring)
MPRegen 0.08/turn               (no ring)

@: berserking, very quick
A: sickness immunity, AC +2, negative energy resistance 1, electricity
resistance, torment resistance 1, petrification resistance
a: Renounce Religion, Berserk


You were on level 1 of the Dungeon.
You worshipped Trog.
Trog was aware of your devotion.
You visited 1 branch of the dungeon, and saw 1 of its levels.

Inventory:

Hand Weapons
 a - a +0 mace (weapon)
Armour
 b - a +0 animal skin (worn)
Potions
 c - a potion of flight {unknown}


   Skills:
 + Level 3.5 Fighting
 + Level 3.2 Maces & Flails
 + Level 2.2 Armour
 + Level 1.6 Dodging


You had one spell level left.
You didn't know any spells.
Your spell library was empty.

Dungeon Overview and Level Annotations

Branches:
Dungeon (1/15)

Altars:


Innate Abilities, Weirdness & Mutations

You are immune to sickness and miasma.
Your stone body is resilient. (AC +2)
You are immune to poison.
You resist negative energy. (rN+)
You are resistant to electric shocks. (rElec)
You are resistant to unholy torment.
You are immune to petrification.


Message History

A kobold comes into view. It is wielding a +0 dagger.
The kobold shouts!
You hear a shout! x2
A kobold is nearby!
A kobold is nearby!
A kobold is nearby!
You hit the kobold.
You kill the kobold!
Trog accepts your kill.
No target in view!
No target in view!
A hobgoblin and a kobold come into view.
The hobgoblin shouts!
The kobold shouts!
The kobold moves out of view.
A hobgoblin is nearby!
A hobgoblin is nearby!
A hobgoblin is nearby!
Found 2 atropa-tipped darts.
You see here a +0 dagger.
Found a stone staircase leading down.
The hobgoblin hits you but does no damage.
You hit the hobgoblin but do no damage. The hobgoblin hits you.
You closely miss the kobold. The hobgoblin hits you.
The kobold barely misses you. The kobold barely misses you.
You see here a +0 dagger.
You closely miss the hobgoblin. The hobgoblin barely misses you.
You closely miss the hobgoblin. The hobgoblin hits you.
The hobgoblin misses you.
You sock the hobgoblin!
You kill the hobgoblin!
Trog accepts your kill. The kobold hits you with a +0 whip.
* * * LOW HITPOINT WARNING * * *
A red film seems to cover your vision as you go berserk!
You feel yourself moving faster!
You feel mighty! The kobold hits you with a +0 whip.
* * * LOW HITPOINT WARNING * * *
You closely miss the kobold. You barely miss the kobold.
The kobold hits you with a +0 whip.
You die...

#########
###.......#
#.).......>
#.#.......#
#.#.......#
#K#.......#
#@#.......#
#.#.......#
#.#.......#
#.#.....(.# #.#
########### #.#
#.........# #.#
#.........# #.#
###.........#
#.###.......†...#


You could see a kobold.

Vanquished Creatures
  A giant cockroach (D:1)
  2 hobgoblins (D:1)
  3 kobolds (D:1)
  2 rats (D:1)
8 creatures vanquished.

Notes
Turn   | Place    | Note
-------+----------+-------------------------------------------
     0 | D:1      | danielguo94 the Gargoyle Berserker began the quest for the
                  | Orb.
     0 | D:1      | Reached XP level 1. HP: 14/14 MP: 1/1
   110 | D:1      | Reached XP level 2. HP: 12/19 MP: 2/2
   134 | D:1      | Slain by a kobold

Illustrated notes

Levels and vault maps discovered:
D:1:      lightli_arrival_maybe_door_vault, layout_basic,
          dreamdust_ecumenical_altar_statues

Action                   || total
-------------------------++-------
Melee: Mace              ||    24
Invok: Berserk           ||     1
Armor: Animal skin       ||     6
Dodge: Dodged            ||    11
